 Dungeon Crawl Stone Soup version 0.30-a0-457-g4b7bca3bfa (webtiles) character file.

Game seed: 15567469583208866094

196 dixiedixie the Changer (level 5, -2/37 HPs)
             Began as a Merfolk Transmuter on Dec 13, 2022.
             Slain by a gnoll
             ... wielding a +0 club
              (7 damage)
             ... on level 5 of the Dungeon.
             The game lasted 00:09:41 (3172 turns).

dixiedixie the Changer (Merfolk Transmuter)         Turns: 3172, Time: 00:09:42

Health: -2/37      AC:  2    Str: 10    XL:     5   Next: 74%
Magic:  8/8        EV: 12    Int: 14    God:
Gold:   169        SH:  0    Dex: 15    Spells: 2/8 levels left

rFire   . . .      SeeInvis .      - Unarmed
rCold   . . .      Faith    .    (no shield)
rNeg    . . .      Spirit   .    a - +0 robe
rPois   .          Reflect  .    (helmet currently unavailable)
rElec   .          Harm     .    (no cloak)
rCorr   .          Rampage  .    (no gloves)
Will    .....                    (boots currently unavailable)
Stlth   +.........               (no amulet)
HPRegen 0.26/turn                (no ring)
MPRegen 0.11/turn                (no ring)

@: appendages (expiring)
A: horns 2, (nimble swimmer 2), mertail
a: End Transformation


You were on level 5 of the Dungeon.
You had temporarily grown beastly horns.
You visited 1 branch of the dungeon, and saw 5 of its levels.

You collected 169 gold pieces.

Inventory:

Hand Weapons
 l - a +0 sling
 o - a +2 whip of electrocution
Missiles
 d - 5 poisoned darts
 p - 15 stones
 t - a throwing net
Armour
 a - a +0 robe (worn)
 c - a +0 plate armour
 e - a +0 ring mail
 i - a +0 leather armour
 z - a +0 chain mail
 B - the +1 leather armour of Knowledge {Will+ Slay-4 Stlth+}
   (You found it on level 4 of the Dungeon)

   Slay:      It affects your accuracy & damage with ranged weapons and melee
   (-4).
   Will:      It increases your willpower.
   Stlth:     It makes you more stealthy.
Jewellery
 r - a +6 ring of strength
Scrolls
 f - a scroll of enchant armour {unknown}
 j - 2 scrolls of identify {unknown}
 n - a scroll of poison {unknown}
 q - a scroll of fear {unknown}
 u - a scroll of fog {unknown}
 v - 2 scrolls of immolation {unknown}
 w - a scroll of magic mapping {unknown}
 y - a scroll of amnesia {unknown}
Potions
 b - 2 potions of lignification
 g - 2 potions of degeneration {unknown}
 h - a potion of resistance {unknown}
 k - a potion of invisibility {unknown}
 m - a potion of mutation {unknown}
 s - a potion of haste {unknown}
 x - a potion of cancellation {unknown}
 A - a potion of flight {unknown}


   Skills:
 - Level 1.1 Fighting
 - Level 2.6 Dodging
 - Level 4.8 Unarmed Combat
 - Level 2.0 Spellcasting
 + Level 6.4 Transmutations


You had 2 spell levels left.
You knew the following spells:

 Your Spells              Type           Power      Damage    Failure   Level
a - Beastly Appendage     Tmut           38%        N/A       1%          1
b - Wereblood             Tmut           19%        N/A       2%          2
c - Spider Form           Tmut/Pois      10%        N/A       19%         3

Your spell library contained the following spells:

 Spells                   Type           Power      Damage    Failure   Level
 Necrotise                Necr           4%         1d4       24%         1
 Slow                     Hex            4%         N/A       24%         1
 Cigotuvi's Dreadful Rot  Necr/Pois/Air  2%         N/A       34%         2
 Poisonous Vapours        Pois/Air       2%         N/A       34%         2
 Ice Form                 Ice/Tmut       10%        N/A       54%         4
 Confusing Touch          Hex            1%         N/A       56%         3
 Mephitic Cloud           Conj/Pois/Air  1%         N/A       56%         3
 Summon Guardian Golem    Hex/Summ       1%         N/A       56%         3
 Vampiric Draining        Necr           1%         2d6       56%         3
 Agony                    Necr           1%         N/A       100%        5
 Orb of Destruction       Conj           0%         9d5       100%        7
 Spellforged Servitor     Conj/Summ      0%         N/A       100%        7


Dungeon Overview and Level Annotations

Branches:
Dungeon (5/15)
 Temple: D:4-7

Altars:

Annotations:
D:4 exclusions: black bear and ogre


Innate Abilities, Weirdness & Mutations

You have temporarily grown beastly horns.
((You are very nimble when in or above water. (Stealth+, EV+, Speed+++)))
Your lower body shifts to a powerful aquatic tail in water.


Message History

You throw a poisoned dart. The poisoned dart hits the gnoll.
The gnoll is lightly wounded.
The gnoll looks more healthy.
A gnoll comes into view. It is wielding a +0 club.
The gnoll misses you.
You barely miss the gnoll.
The gnoll is heavily wounded.
Casting: Beastly Appendage (safe; 1% risk of failure)
Confirm with . or Enter, or press ? or * to list all spells.
You grow a pair of large bovine horns.
The gnoll shouts!
The gnoll closely misses you.
The gnoll hits you from afar with a +0 spear.
You hit the gnoll but do no damage. You headbutt the gnoll.
You kill the gnoll!
The gnoll hits you from afar with a +0 spear.
The gnoll hits you with a +0 spear.
You closely miss the gnoll. Your headbutt misses the gnoll.
The gnoll barely misses you.
You hit the gnoll.
The gnoll is heavily wounded.
The gnoll hits you with a +0 spear!
You hit the gnoll.
The gnoll is almost dead.
The gnoll misses you. The gnoll hits you with a +0 spear.
You hit the gnoll.
You kill the gnoll!
The gnoll hits you with a +0 club.
* * * LOW HITPOINT WARNING * * *
You hit the gnoll but do no damage. The gnoll barely misses you.
You hit the gnoll. You headbutt the gnoll.
The gnoll is moderately wounded.
The gnoll hits you with a +0 club.
* * * LOW HITPOINT WARNING * * *
You barely miss the gnoll.
The gnoll is moderately wounded.
Your transformation is almost over.
A howler monkey comes into view.
The gnoll hits you with a +0 club!
You die...

### #### .# #.. ..# .#
#.# #.###.### ###.##
##.#.....# # ....
>.......# #
..#.###.#####.#.....#.#.
........(.....#).#......
......(......)@.......#.
.....(.......g#.........
................<....##.
....(.).......#......#
..(....h......##........
((............#########.
................
.............###
............#


You could see a howler monkey (wandering) and a gnoll.

Vanquished Creatures
  An orc priest (D:3)
  An iguana (D:4)
  3 gnolls (D:5)
  3 adders
  2 worms
  A dart slug (D:3)
  4 orcs (D:3)
  14 ball pythons
  7 endoplasms
  A giant cockroach (D:1)
  5 hobgoblins
  3 jackals (D:4)
  3 kobolds
  5 quokkas
  5 bats
  5 frilled lizards
  4 goblins
  5 rats
72 creatures vanquished.

Vanquished Creatures (others)
  3 plants (D:3)
3 creatures vanquished.

Grand Total: 75 creatures vanquished

Notes
Turn   | Place    | Note
-------+----------+-------------------------------------------
     0 | D:1      | dixiedixie the Merfolk Transmuter began the quest for the
                  | Orb.
     0 | D:1      | Reached XP level 1. HP: 15/15 MP: 3/3
   318 | D:1      | Reached XP level 2. HP: 16/21 MP: 3/5
   361 | D:1      | Learned a level 2 spell: Wereblood
   996 | D:2      | Reached XP level 3. HP: 20/26 MP: 4/6
  1248 | D:2      | Learned a level 3 spell: Spider Form
  1267 | D:2      | Found a faded altar of an unknown god.
  1280 | D:2      | Reached skill level 3 in Transmutations
  1772 | D:2      | Reached XP level 4. HP: 32/32 MP: 7/7
  1800 | D:2      | Reached skill level 4 in Transmutations
  1931 | D:3      | Reached skill level 5 in Transmutations
  1981 | D:3      | Noticed an ice beast
  2084 | D:3      | Reached XP level 5. HP: 37/37 MP: 6/8
  2463 | D:4      | Noticed a black bear
  3042 | D:4      | Noticed an ogre
  3065 | D:4      | Identified the +1 leather armour of Knowledge {Will+ Slay-4
                  | Stlth+}
  3133 | D:5      | Entered Level 5 of the Dungeon
  3151 | D:5      | Reached skill level 6 in Transmutations
  3172 | D:5      | Slain by a gnoll

Illustrated notes

Levels and vault maps discovered:
D:1:      lemuel_arrival_river_ford, layout_loops_corners
D:2:      layout_basic, nicolae_ecumenical_snake_handling
D:3:      layout_rooms, kennysheep_path_1, serial_bayou_ford_a
D:4:      cheibrodos_thug_alley, layout_loops_corners
D:5:      minmay_chambers_of_fours, layout_basic, nzn_hepliaklqana_mist_gate

Skill      XL: |  1  2  3  4  5 |
---------------+----------------+-----
Unarmed Combat | 4 |  4.8
Transmutations | 3 5 6 |  6.4
Fighting       | |  1.1
Dodging        | |  2.6
Spellcasting   | |  2.0

Action                   |  1- 3 |  4- 6 || total
-------------------------+-------+-------++-------
Melee: Unarmed           |   154 |    84 ||   238
       Punch             |     3 |     1 ||     4
       Headbutt          |    10 |    14 ||    24
       Tailslap          |       |     2 ||     2
Throw: Dart              |       |    11 ||    11
 Cast: Beastly Appendage |    14 |     9 ||    23
 Stab: Sleeping          |     3 |     1 ||     4
Armor: Robe              |    30 |    16 ||    46
Dodge: Dodged            |   101 |    67 ||   168

Table legend: (Time is in decaauts)
 A = Elapsed time spent in this place.
 B = Non-inter-level travel time spent in this place.
 C = Inter-level travel time spent in this place.
 D = Time resting spent in this place.
 E = Time spent auto-exploring this place.
 F = Levels seen in this place.
 G = Mean time per level.
                   A        B        C        D        E       F      G
               +--------+--------+--------+--------+--------+-----+--------+
         Total |   3123 |   2997 |    126 |    467 |   1741 |   5 |  624.6 |
       Dungeon |   3123 |   2997 |    126 |    467 |   1741 |   5 |  624.6 |
               +--------+--------+--------+--------+--------+-----+--------+

Top non-repeatable levels by time:
     D:1: 968 daAuts
     D:2: 947 daAuts
     D:4: 694 daAuts
     D:3: 474 daAuts
     D:5: 37 daAuts
